 Dungeon Sprint DCSS version 0.28-a0-828-g0121872642 (webtiles) character file.

Game seed: 10200709392579369481

17904 mhtbhm the Bludgeoner (level 12, -4/127 HPs)
             Began as a Minotaur Fighter on Nov 10, 2021.
             Was the Champion of Okawaru.
             Killed from afar by an orc sorcerer (20 damage)
             ... with a bolt of fire
             ... in the Dungeon (Sprint IX: "|||||||||||||||||||||||||||||").
             The game lasted 00:05:03 (2568 turns).

mhtbhm the Bludgeoner (Minotaur Fighter)            Turns: 2568, Time: 00:05:05

Health: -4/127     AC: 26    Str: 27    XL:     12   Next: 23%
Magic:  20/20      EV: 13    Int:  5    God:    Okawaru [******]
Gold:   1370       SH: 14    Dex:  9    Spells: 11/11 levels left

rFire   . . .      SeeInvis .   a - +3 demon whip of Vahats {venom, rPois rCorr}
rCold   . . .      Faith    .   c - +2 kite shield {AC+3}
rNeg    . . .      Spirit   .   b - +0 plate armour
rPois   +          Reflect  .   (helmet restricted)
rElec   .          Harm     .   w - +0 cloak
rCorr   +          Rampage  .   m - +0 pair of gloves
Will    .....      NoTele   +   n - +0 pair of boots
Stlth   ..........              (no amulet)
HPRegen 0.31/turn               o - +2 ring of evasion
MPRegen 0.17/turn               p - +2 ring of evasion

@: no status effects
A: horns 2, retaliatory headbutt
a: Renounce Religion, Heroism, Finesse


You were in the Dungeon.
You worshipped Okawaru.
Okawaru was exalted by your worship.
You visited 1 branch You collected 1370 gold pieces.

Inventory:

Hand Weapons
 a - the +3 demon whip of Vahats (weapon) {venom, rPois rCorr}
   (Okawaru gifted it to you in the Dungeon)

   It poisons the flesh of those it strikes.
   rPois:     It protects you from poison.
   rCorr:     It protects you from acid and corrosion.
Missiles
 q - a curare-tipped dart (quivered)
 x - 6 javelins
Armour
 b - a +0 plate armour (worn)
 c - a +2 kite shield of protection (worn)
 m - a +0 pair of gloves (worn)
 n - a +0 pair of boots (worn)
 w - a +0 cloak (worn)
Jewellery
 o - a +2 ring of evasion (left hand)
 p - a +2 ring of evasion (right hand)
Wands
 l - a wand of acid (2)
Scrolls
 j - 4 scrolls of blinking
 k - 2 scrolls of amnesia
 s - a scroll of silence
 t - 2 scrolls of fog
 u - 3 scrolls of enchant weapon
 v - 2 scrolls of enchant armour
Potions
 d - a potion of berserk rage
 e - 5 potions of curing
 f - 4 potions of heal wounds
 g - 2 potions of haste
 h - 4 potions of magic
 i - a potion of invisibility
 r - 3 potions of brilliance


   Skills:
 + Level 17.6 Fighting
 + Level 19.0 Maces & Flails
 + Level 0.1 Throwing
 + Level 17.2 Armour
 + Level 4.9 Dodging
 - Level 2.2 Stealth
 + Level 15.1 Shields
 * Level 12.5 Invocations
 + Level 3.6 Evocations


You had 11 spell levels left.
You didn't know any spells.
Your spell library contained the following spells:

 Spells                   Type           Power      Damage    Failure   Level
 Corpse Rot               Necr/Air       0%         N/A       99%         2
 Swiftness                Air            0%         N/A       100%        3
 Cause Fear               Hex            0%         N/A       100%        4
 Storm Form               Tmut/Air       0%         N/A       100%        7
 Tukima's Dance           Hex            Unusable   N/A       N/A         3

Dungeon Overview and Level Annotations

Branches:
Dungeon (1/1)

Altars:
Cheibriados
Dithmenos
Elyvilon
Fedhas
Gozag
Hepliaklqana
Kikubaaqudgha
Makhleb
Nemelex Xobeh
Okawaru
Qazlal
Ru
Sif Muna
Trog
Uskayaw
Vehumet
Wu Jian
Xom
Yredelemnul
Zin
The Shining One
Beogh
Jiyva
Lugonu

Shops:
D =[*


Innate Abilities, Weirdness & Mutations

You have a pair of horns on your head.
You reflexively headbutt those who attack you in melee.


Message History

* * * LOW HITPOINT WARNING * * *
You hit the orc knight.
The orc knight looks as sick as possible!
The orc knight is almost dead.
Unknown command.
You hit the orc knight.
You kill the orc knight!
Okawaru accepts your kill.
Items here: $ ( )) [ †.
Throw: 2 darts (curare)
Press: ? - help, Q - select action, (/) - cycle Shift-Dir - straight line, f - orc sorcerer
Aim: an orc sorcerer, wielding a +0 dagger and wearing a +0 robe (58% to hit)
You throw a curare-tipped dart.
The curare-tipped dart hits the orc sorcerer.
The orc sorcerer is poisoned.
The orc sorcerer convulses.
The orc sorcerer seems to slow down.
The orc sorcerer is moderately wounded.
The orc sorcerer hits you but does no damage.
You see here 2 curare-tipped darts.
You whack the orc sorcerer!
The orc sorcerer looks as sick as possible!
The orc sorcerer is severely wounded.
You barely miss the orc sorcerer. Your headbutt misses the orc sorcerer.
The orc sorcerer is severely wounded.
An orc comes into view. It is wielding a +0 whip.
The orc sorcerer casts a spell at you. The bolt of fire hits you!!
* * * LOW HITPOINT WARNING * * *
You barely miss the orc sorcerer.
The orc sorcerer is severely wounded.
The orc shouts!
You closely miss the orc sorcerer.
The orc sorcerer is severely wounded.
You hit the orc sorcerer.
The orc sorcerer looks as sick as possible!
You headbutt the orc sorcerer, but do no damage.
The orc sorcerer is almost dead.
The orc sorcerer casts a spell at you. The bolt of fire hits you!!
You die...

▓)▓.▓.▓.▓_▓
▓)▓.▓†▓.▓_▓
▓o▓.▓†▓.▓_▓
▓)▓.▓.▓.▓_▓
▓)▓.▓.▓.▓_▓
▓)▓.▓.▓.▓_▓
▓.▓.▓.▓.▓_▓
▓o▓.▓.▓.▓_▓
▓@▓.▓.▓.▓_▓
▓)▓.▓.▓.▓_▓
▓)▓.▓.▓.▓_▓
▓)▓.▓†▓.▓_▓
▓)▓.▓.▓.▓_▓
▓)▓.▓.▓.▓_▓
▓)▓.▓.▓.▓_▓
▓)▓.▓.▓.▓_▓
▓)▓.▓.▓.▓'▓


You could see an orc sorcerer (extremely poisoned, slow) and an orc.

Vanquished Creatures
  A centaur warrior (D)
  A hydra (D)
  3 catoblepae (D)
  A two-headed ogre (D)
  4 death yaks (D)
  3 orc high priests (D)
  Sonja (D)
  6 orc knights (D)
  An ugly thing (D)
  2 orc sorcerers (D)
  A cyclops (D)
  An elephant (D)
  2 cane toads (D)
  A gargoyle (D)
  4 komodo dragons (D)
  A polar bear (D)
  A polar bear (shapeshifter) (D)
  A blink frog (D)
  5 yaks (D)
  A vampire mosquito (D)
  5 water moccasins (D)
  12 orc warriors (D)
  A sky beast (D)
  A wolf (D)
  2 bullfrogs (D)
  An orc priest (D)
  An iguana (D)
  5 orc wizards (D)
  An adder zombie (D)
  An adder skeleton (D)
  7 orcs (D)
  2 giant cockroaches (D)
  2 kobolds (D)
  A rat (D)
83 creatures vanquished.

Notes
Turn   | Place    | Note
-------+----------+-------------------------------------------
     0 | D        | mhtbhm the Minotaur Fighter began the quest for the Orb.
     0 | D        | Reached XP level 1. HP: 19/19 MP: 0/0
    77 | D        | Noticed an iguana
    77 | D        | Noticed a sky beast
    80 | D        | Killed a sky beast
    81 | D        | Reached skill level 4 in Maces & Flails
    81 | D        | Reached XP level 2. HP: 34/34 MP: 1/1
    81 | D        | Reached XP level 3. HP: 39/39 MP: 2/2
    81 | D        | Reached XP level 4. HP: 47/47 MP: 3/3
   133 | D        | Found a snail-covered altar of Cheibriados.
   133 | D        | Found a shadowy altar of Dithmenos.
   133 | D        | Found a white marble altar of Elyvilon.
   133 | D        | Found a blossoming altar of Fedhas.
   133 | D        | Found an opulent altar of Gozag.
   134 | D        | Found a hazy altar of Hepliaklqana.
   135 | D        | Found a viscous altar of Jiyva.
   136 | D        | Found an ancient bone altar of Kikubaaqudgha.
   137 | D        | Found a corrupted altar of Lugonu.
   138 | D        | Found a burning altar of Makhleb.
   139 | D        | Found a sparkling altar of Nemelex Xobeh.
   140 | D        | Found an iron altar of Okawaru.
   141 | D        | Found a stormy altar of Qazlal.
   142 | D        | Found a sacrificial altar of Ru.
   143 | D        | Found a shimmering blue altar of Sif Muna.
   144 | D        | Found a bloodstained altar of Trog.
   145 | D        | Found a hide-covered altar of Uskayaw.
   146 | D        | Found a radiant altar of Vehumet.
   147 | D        | Found an ornate altar of the Wu Jian Council.
   148 | D        | Found a shimmering altar of Xom.
   150 | D        | Became a worshipper of Warmaster Okawaru
   152 | D        | Found a basalt altar of Yredelemnul.
   153 | D        | Found a glowing silver altar of Zin.
   154 | D        | Found a glowing golden altar of the Shining One.
   217 | D        | Noticed a two-headed ogre
   217 | D        | Noticed a gargoyle
   217 | D        | Noticed a yak
   217 | D        | Noticed an orc warrior
   217 | D        | Noticed a yak
   217 | D        | Noticed a komodo dragon
   230 | D        | Killed a komodo dragon
   231 | D        | Reached skill level 7 in Maces & Flails
   231 | D        | Reached XP level 5. HP: 46/57 MP: 4/4
   231 | D        | Reached XP level 6. HP: 52/64 MP: 5/5
   232 | D        | Killed a yak
   232 | D        | Reached * piety under Okawaru
   233 | D        | Reached skill level 10 in Fighting
   233 | D        | Reached skill level 8 in Maces & Flails
   233 | D        | Reached XP level 7. HP: 59/72 MP: 6/6
   234 | D        | Reached skill level 9 in Maces & Flails
   234 | D        | Reached skill level 10 in Armour
   235 | D        | Killed a yak
   236 | D        | Reached skill level 10 in Shields
   238 | D        | Killed a gargoyle
   238 | D        | Reached ** piety under Okawaru
   239 | D        | Reached skill level 10 in Maces & Flails
   239 | D        | Reached skill level 1 in Evocations
   239 | D        | Reached XP level 8. HP: 68/82 MP: 6/8
   240 | D        | Killed a two-headed ogre
   240 | D        | Reached *** piety under Okawaru
   241 | D        | Reached skill level 11 in Maces & Flails
   406 | D        | Noticed a brown ugly thing
   406 | D        | Noticed a cyclops
   406 | D        | Noticed a cane toad
   406 | D        | Noticed a centaur warrior
   406 | D        | Noticed a catoblepas
   613 | D        | Noticed a fire crab
   635 | D        | Killed a catoblepas
   636 | D        | Reached skill level 12 in Maces & Flails
   636 | D        | Reached skill level 5 in Invocations
   636 | D        | Reached XP level 9. HP: 82/91 MP: 10/12
   642 | D        | Noticed a jumping spider
   642 | D        | a fire crab changed into a jumping spider
   649 | D        | Killed a centaur warrior
   650 | D        | Reached skill level 13 in Maces & Flails
   650 | D        | Noticed a polar bear
   650 | D        | a jumping spider changed into a polar bear
   652 | D        | Killed a cyclops
   652 | D        | Reached **** piety under Okawaru
   654 | D        | Killed a brown ugly thing
   656 | D        | Killed a polar bear
   657 | D        | Reached skill level 14 in Maces & Flails
   658 | D        | Reached XP level 10. HP: 52/101 MP: 12/14
   869 | D        | Noticed Sonja
   879 | D        | Killed Sonja
   879 | D        | Reached ***** piety under Okawaru
  1331 | D        | Noticed a cane toad
  1331 | D        | Noticed a seven-headed hydra
  1337 | D        | Killed a seven-headed hydra
  1338 | D        | Reached skill level 15 in Maces & Flails
  1354 | D        | Killed a cane toad
  1355 | D        | Reached skill level 15 in Armour
  1533 | D        | Noticed a cane toad
  1533 | D        | Noticed an elephant
  1534 | D        | Noticed a catoblepas
  1550 | D        | Killed an elephant
  1551 | D        | Reached skill level 16 in Maces & Flails
  1565 | D        | Killed a catoblepas
  1566 | D        | Reached XP level 11. HP: 77/111 MP: 17/17
  1567 | D        | Reached ****** piety under Okawaru
  1581 | D        | Reached skill level 10 in Invocations
  1747 | D        | Noticed a death yak
  1747 | D        | Noticed a death yak
  1747 | D        | Noticed a catoblepas
  1747 | D        | Noticed a death yak
  1753 | D        | Noticed a death yak
  1761 | D        | Killed a death yak
  1761 | D        | Identified the +3 demon whip of Vahats {venom, rPois rCorr}
                  | (Okawaru gifted it to you in the Dungeon)
  1761 | D        | Received a gift from Okawaru
  1762 | D        | Reached skill level 17 in Maces & Flails
  1769 | D        | Killed a catoblepas
  1770 | D        | Reached skill level 15 in Fighting
  1778 | D        | Killed a death yak
  1779 | D        | Reached skill level 1 in Stealth
  1788 | D        | Killed a death yak
  1797 | D        | Killed a death yak
  1812 | D        | Got the Volume of Feathery Curses
  2024 | D        | Noticed an orc knight
  2045 | D        | Killed an orc knight
  2046 | D        | Reached skill level 18 in Maces & Flails
  2052 | D        | Received a gift from Okawaru
  2108 | D        | Noticed an orc sorcerer
  2114 | D        | Noticed an orc knight
  2124 | D        | Paralysed by an orc sorcerer for 7 turns
  2135 | D        | Killed an orc sorcerer
  2151 | D        | Killed an orc knight
  2394 | D        | Found Japibbaf's Assorted Antiques.
  2394 | D        | Noticed an orc high priest
  2394 | D        | Noticed an orc high priest
  2394 | D        | Noticed an orc knight
  2394 | D        | Noticed an orc high priest
  2399 | D        | Killed an orc high priest
  2400 | D        | Noticed an orc knight
  2411 | D        | Killed an orc knight
  2411 | D        | Received a gift from Okawaru
  2415 | D        | Killed an orc high priest
  2415 | D        | Received a gift from Okawaru
  2416 | D        | Reached XP level 12. HP: 60/125 MP: 18/20
  2417 | D        | Found Iwamatuss's Antique Armour Shop.
  2422 | D        | Killed an orc high priest
  2431 | D        | Found Bumio's Jewellery Boutique.
  2431 | D        | Paralysed by an orc sorcerer for 7 turns
  2487 | D        | Reached skill level 19 in Maces & Flails
  2487 | D        | Reached skill level 15 in Shields
  2568 | D        | Killed from afar by an orc sorcerer

Illustrated notes

Levels and vault maps discovered:
D:        linesprint [early_d, line_temple, items_1, d_10, items_2, lair_1,
          lair_end, items_3, orc_1, orc_end, items_4, d_15, swamp_1, shoals_1,
          snake_1, spider_1, d_20, vaults_1, items_5, swamp_end, shoals_end,
          snake_end, spider_end, vaults_end, d_27, items_6, zot_1, zot_end,
          crypt_end, forest_end, elf_end, slime_end, tomb_end, abyss_end,
          pan_hell_end]

Skill      XL: |  1  2  3  4  5  6  7  8  9 10 11 12 |
---------------+-------------------------------------+-----
Fighting       | 7 9 10 11 12 13 14 17 | 17.6
Armour         | 6 9 11 12 13 15 16 17 | 17.2
Shields        | 6 8 9 10 11 12 14 15 | 15.1
Maces & Flails | 4 7 8 10 12 14 16 18 19 | 19.0
Dodging        | 2 3 4 |  4.9
Invocations    | 2 5 7 9 12 | 12.5
Evocations     | 1 2 3 |  3.6
Stealth        | 2 |  2.2
Throwing       | |  0.1

Action                   |  1- 3 |  4- 6 |  7- 9 | 10-12 || total
-------------------------+-------+-------+-------+-------++-------
Melee: Flail             |    16 |     9 |       |       ||    25
       Headbutt          |     3 |     2 |     8 |    44 ||    57
       Morningstar       |       |    12 |    20 |   125 ||   157
       Demon whip        |       |       |       |   137 ||   137
Throw: Dart              |       |       |       |     4 ||     4
Evoke: Wand              |       |     2 |     3 |     3 ||     8
  Use: Potion            |     1 |     1 |     1 |       ||     3
 Stab: Petrified         |       |       |       |     2 ||     2
Armor: Scale mail        |     9 |     3 |       |       ||    12
       Plate armour      |       |     3 |    39 |    54 ||    96
Dodge: Dodged            |     4 |     8 |    12 |    43 ||    67
Block: Buckler           |     3 |     4 |     3 |     3 ||    13
       Kite shield       |       |       |       |    90 ||    90

Table legend: (Time is in decaauts)
 A = Elapsed time spent in this place.
 B = Non-inter-level travel time spent in this place.
 C = Inter-level travel time spent in this place.
 D = Time resting spent in this place.
 E = Time spent auto-exploring this place.
 F = Levels seen in this place.
 G = Mean time per level.
                   A        B        C        D        E       F      G
               +--------+--------+--------+--------+--------+-----+--------+
         Total |   2488 |   2488 |      0 |   1372 |    411 |   1 | 2488.0 |
       Dungeon |   2488 |   2488 |      0 |   1372 |    411 |   1 | 2488.0 |
               +--------+--------+--------+--------+--------+-----+--------+

Top non-repeatable levels by time:
       D: 2488 daAuts
